 Dungeon Crawl Stone Soup version 0.28.0-53-g5a82cb258f (webtiles) character file.

Game seed: 15794916827938987734

309 Sin92 the Skirmisher (level 6, -3/48 HPs)
             Began as a Demonspawn Fighter on June 28, 2022.
             Succumbed to Crazy Yiuf's poison
             ... on level 3 of the Dungeon.
             The game lasted 00:07:20 (3419 turns).

Sin92 the Skirmisher (Demonspawn Fighter)           Turns: 3419, Time: 00:07:20

Health: -3/48      AC: 10    Str: 16      XL:     6   Next: 17%
Magic:  2/6        EV: 13    Int:  8 (9)  God:
Gold:   121        SH:  9    Dex: 15 (17) Spells: 5/5 levels left

rFire   . . .      SeeInvis .   a - +1 long sword
rCold   + . .      Faith    .   g - +0 kite shield
rNeg    + . .      Spirit   .   b - +0 scale mail
rPois   .          Reflect  .   m - +1 helmet of the Other World {rN+}
rElec   .          Harm     .   (no cloak)
rCorr   .          Rampage  .   (no gloves)
Will    .....                   j - +0 pair of boots
Stlth   +.........              (no amulet)
HPRegen 0.16/turn               l - ring of protection from cold
MPRegen 0.10/turn               (no ring)

@: mighty, agile, lethally poisoned (-3 -> -16), slowed, invisible, very slow
A: claws 1, thin skeletal structure 1
a: no special abilities


You were on level 3 of the Dungeon.
You visited 1 branch of the dungeon, and saw 3 of its levels.

You collected 121 gold pieces.

Inventory:

Hand Weapons
 a - a +1 long sword (weapon)
 f - a +2 whip of electrocution
Armour
 b - a +0 scale mail (worn)
 c - a +0 buckler
 g - a +0 kite shield (worn)
 j - a +0 pair of boots (worn)
 m - the +1 helmet of the Other World (worn) {rN+}
   (You took it off Robin on level 3 of the Dungeon)

   rN:        It protects you from negative energy.
Jewellery
 l - a ring of protection from cold (left claw)
Wands
 e - a wand of digging (6)
 h - a wand of flame (10)
Potions
 d - a potion of curing
 i - a potion of flight {unknown}


   Skills:
 + Level 3.9 Fighting
 * Level 3.8 Long Blades
 + Level 3.5 Armour
 + Level 1.8 Dodging
 + Level 3.5 Shields


You had 5 spell levels left.
You didn't know any spells.
Your spell library contained the following spells:

 Spells                   Type           Power      Damage    Failure   Level
 Corpse Rot               Necr/Air       0%         N/A       100%        2
 Poisonous Vapours        Pois/Air       0%         N/A       100%        2


Dungeon Overview and Level Annotations

Branches:
Dungeon (3/15)

Altars:
Kikubaaqudgha

Annotations:
D:3 Crazy Yiuf


Innate Abilities, Weirdness & Mutations

You have sharp fingernails.
You have a somewhat thin skeletal structure. (Dex +2, Stealth+)


Message History

Crazy Yiuf hits you with a +2 quarterstaff of chaos.
You feel agile all of a sudden.
Crazy Yiuf hits you with a +2 quarterstaff of chaos.
Crazy Yiuf hits you but does no damage.
You feel very mighty all of a sudden.
Crazy Yiuf hits you with a +2 quarterstaff of chaos!
You feel your power leaking away.
Crazy Yiuf whimpers, "Sif Muna tortoise tea!"
Crazy Yiuf hits you with a +2 quarterstaff of chaos!
Crazy Yiuf hits you with a +2 quarterstaff of chaos.
You fade into invisibility!
Crazy Yiuf hits you with a +2 quarterstaff of chaos! x2
Crazy Yiuf says, "Island!"
Crazy Yiuf hits you with a +2 quarterstaff of chaos!
* * * LOW HITPOINT WARNING * * *
You feel yourself slow down.
Crazy Yiuf cries, "Scoff!"
Crazy Yiuf hits you with a +2 quarterstaff of chaos!
* * * LOW HITPOINT WARNING * * *
Crazy Yiuf burns you.
* * * LOW HITPOINT WARNING * * *
You turn to flesh and can move again.
Unknown command.
Unknown command.
Unknown command.
Unknown command.
Unknown command.
As you read the scroll labelled MAXKUJUMOTS, it crumbles to dust.
The scroll dissolves into smoke.
It was a scroll of fog.
You block Crazy Yiuf's attack.
You slash Crazy Yiuf!
Crazy Yiuf is severely wounded.
Crazy Yiuf hits you with a +2 quarterstaff of chaos.
* * * LOW HITPOINT WARNING * * *
You are lethally poisoned!
Crazy Yiuf misses you.
You catch the helpless Crazy Yiuf completely off-guard!
You hit Crazy Yiuf.
Crazy Yiuf is severely wounded.
You die...

######### ........## #########
.........# #........ .........#
########. ........## ###...
)........# ### ♣♣#####...##
########## #))§#♣♣ ♣♣.#..#..####
######## #..§g@♣♣♣♣............
###......# #..§#♣§§♣)............
..#......# ### ♣♣♣.♣..#...÷.####
.........# ♣♣♣♣♣#####..#
..#.>....# #####.###
..#####..################.......#
.................................
.....^...).#########...#........#
#########........................


You could see Crazy Yiuf.

Vanquished Creatures
  Sigmund (D:3)
  Robin (D:3)
  A gnoll (D:1)
  4 adders
  2 worms
  3 dart slugs
  9 endoplasms
  4 giant cockroaches
  12 goblins
  10 hobgoblins
  7 jackals
  5 kobolds
  2 quokkas
  5 ball pythons
  7 bats
  7 frilled lizards
  10 rats
90 creatures vanquished.

Notes
Turn   | Place    | Note
-------+----------+-------------------------------------------
     0 | D:1      | Sin92 the Demonspawn Fighter began the quest for the Orb.
     0 | D:1      | Reached XP level 1. HP: 18/18 MP: 1/1
    75 | D:1      | Gained mutation: You have a somewhat thin skeletal
                  | structure. (Dex +2, Stealth+) [demonic ancestry]
    75 | D:1      | Reached XP level 2. HP: 3/24 MP: 2/2
   770 | D:1      | Gained mutation: You have sharp fingernails. [demonic
                  | ancestry]
   770 | D:1      | Reached XP level 3. HP: 26/29 MP: 3/3
  1542 | D:2      | Reached skill level 1 in Dodging
  1659 | D:2      | Reached XP level 4. HP: 35/35 MP: 4/4
  2575 | D:3      | Found an ancient bone altar of Kikubaaqudgha.
  2714 | D:3      | Identified the +1 helmet of the Other World {rN+}
  2714 | D:3      | Noticed Robin
  2721 | D:3      | Reached XP level 5. HP: 40/41 MP: 5/5
  2731 | D:3      | Killed Robin
  2857 | D:3      | Noticed Sigmund
  2892 | D:3      | Killed Sigmund
  2893 | D:3      | Reached XP level 6. HP: 30/48 MP: 6/6
  3080 | D:3      | Found a runed translucent door.
  3081 | D:3      | Noticed Crazy Yiuf
  3419 | D:3      | Succumbed to Crazy Yiuf's poison

Illustrated notes

Levels and vault maps discovered:
D:1:      dpeg_arrival_tiny_a, layout_basic
D:2:      layout_basic, chequers_serial_rivers_large_a,
          kennysheep_generic_room_2
D:3:      layout_rooms, mainiacjoe_overflow_alcove_4, uniq_crazy_yiuf_cottage,
          uniq_sigmund, uniq_robin

Skill      XL: |  1  2  3  4 |
---------------+-------------+-----
Long Blades    | 2 3 |  3.8
Armour         | 3 |  3.5
Shields        | 3 |  3.5
Dodging        | 1 |  1.8
Fighting       | |  3.9

Action                   |  1- 3 |  4- 6 || total
-------------------------+-------+-------++-------
Melee: Long sword        |    92 |   149 ||   241
  Use: Potion            |     1 |     3 ||     4
       Scroll            |     2 |     3 ||     5
 Stab: Sleeping          |       |     4 ||     4
       Invisible         |       |     1 ||     1
Armor: Scale mail        |    45 |    64 ||   109
Dodge: Dodged            |    38 |    38 ||    76
Block: Buckler           |    22 |       ||    22
       Kite shield       |     4 |    73 ||    77
